[Event "Titled Tuesday Blitz November 29 Late 2022"]
[White "Svane, Frederik"]
[Black "Quesada Perez, Yuniesky"]
[WhiteFideId "12923044"]
[BlackFideId "3504409"]
[WhiteElo "2466"]
[BlackElo "2599"]
[Result "0-1"]
[Round "08"]
[TimeControl "180+1"]
[Date "2022.11.30"]
[WhiteClock "0:00:01"]
[BlackClock "0:00:14"]

1. e4 e5 2. Bc4 Nf6 3. d3 Nc6 4. Nc3 Na5 5. Qf3 d6 6. Nge2 Nxc4 7. dxc4 Be6 8. b3 Be7 9. a4 O-O 10. O-O c6 11. Ba3 Qa5 12. Rfd1 Rad8 13. h3 g6 14. Bxd6 Rxd6 15. Rxd6 Bxd6 16. Qxf6 Bb4 17. Na2 Bc5 18. Rd1 Qc7 19. Nac1 Be7 20. Qf3 b5 21. Qc3 bxa4 22. bxa4 Rb8 23. Nd3 f6 24. c5 Qb7 25. f4 exf4 26. Nexf4 Bf7 27. e5 fxe5 28. Qxe5 Bf8 29. Rf1 Re8 30. Qd4 Bg7 31. Qf2 Qd7 32. Kh1 Bd4 33. Qf3 Re3 34. Qd1 g5 35. c3 Bxc3 36. Qc1 Bd4 37. Rd1 gxf4 38. Nxf4 Re4 39. Qd2 Qf5 40. Nd3 Re3 41. Nf2 Qf4 42. Ng4 Rxh3+ 43. gxh3 Bd5+ 44. Qg2 Bxg2+ 45. Kxg2 h5 46. Nh2 Qe4+ 47. Kg3 Be5+ 48. Kf2 Qc2+ 49. Ke1 Bg3+ 0-1


[Site "https://www.chess.com"]

[Event "Titled Tuesday Blitz November 29 Late 2022"]
[White "Sztokbant, Bernardo Vainzoff"]
[Black "Leitao, Rafael"]
[WhiteFideId "2115956"]
[BlackFideId "2101246"]
[WhiteElo "2228"]
[BlackElo "2609"]
[Result "0-1"]
[Round "08"]
[TimeControl "180+1"]
[Date "2022.11.30"]
[WhiteClock "0:00:01"]
[BlackClock "0:00:37"]

1. d4 Nf6 2. c4 e6 3. Nf3 Bb4+ 4. Bd2 c5 5. g3 Nc6 6. Bg2 Qb6 7. O-O Bxd2 8. Nbxd2 cxd4 9. Nb3 e5 10. c5 Qc7 11. Re1 O-O 12. e3 dxe3 13. Rxe3 Re8 14. Qe2 d5 15. cxd6 Qxd6 16. Rd1 Qc7 17. h3 Bf5 18. Nh4 Be6 19. Nc5 Nd4 20. Rxd4 exd4 21. Re5 Bd5 22. Nd3 Rxe5 23. Nxe5 Bxg2 24. Kxg2 Re8 25. f4 Nd5 26. Nhf3 f6 27. Qb5 Ne3+ 28. Kf2 Qc2+ 29. Ke1 Rc8 30. Nxd4 Qc1+ 31. Ke2 fxe5 32. fxe5 Nc4 33. Qd5+ Kh8 34. Nf5 Qxb2+ 35. Kf3 Qxe5 36. Qd7 Rf8 0-1


[Site "https://www.chess.com"]

[Event "Titled Tuesday Blitz November 29 Late 2022"]
[White "Tan, Ralph"]
[Black "Rios Escobar, Adan"]
[WhiteFideId "30966590"]
[BlackFideId "3403645"]
[WhiteElo "2059"]
[BlackElo "2306"]
[Result "1-0"]
[Round "08"]
[TimeControl "180+1"]
[Date "2022.11.30"]
[WhiteClock "0:00:19"]
[BlackClock "0:00:01"]

1. Nf3 Nf6 2. g3 g6 3. Bg2 Bg7 4. O-O c5 5. d4 cxd4 6. Nxd4 O-O 7. c4 Nc6 8. Nc3 Qa5 9. Ncb5 a6 10. Bd2 Qb6 11. Nxc6 dxc6 12. Be3 c5 13. Nc3 Qxb2 14. Na4 Qe5 15. Rb1 Be6 16. Rxb7 Bxc4 17. Nb6 Bxa2 18. Nxa8 Rxa8 19. Rxe7 Qxe7 20. Bxa8 Ng4 21. Bf4 Bc4 22. Bf3 Ne5 23. Bxe5 Bxe5 24. Qc2 Qe6 25. Rc1 Bb5 26. Qxc5 Bb2 27. Qc8+ Qxc8 28. Rxc8+ Kg7 29. Ra8 Bc3 30. e3 a5 31. Rb8 Ba6 32. Bd1 Bb4 33. Bb3 f5 34. Rb6 Be2 35. h4 Bf3 36. Ra6 h6 37. Bc2 Be2 38. Ra7+ Kf6 39. Rh7 h5 40. Ra7 Ke5 41. Rb7 Kf6 42. Rb6+ Kg7 43. e4 f4 44. gxf4 Kh6 45. f5 1-0


[Site "https://www.chess.com"]

[Event "Titled Tuesday Blitz November 29 Late 2022"]
[White "Tanenbaum, Zachary"]
[Black "Aldokhin, Ivan"]
[WhiteFideId "2060850"]
[BlackFideId "24115720"]
[WhiteElo "2175"]
[BlackElo "2313"]
[Result "1-0"]
[Round "08"]
[TimeControl "180+1"]
[Date "2022.11.30"]
[WhiteClock "0:00:07"]
[BlackClock "0:00:02"]

1. e4 c5 2. Nf3 e6 3. d4 cxd4 4. Nxd4 a6 5. Bd3 Qc7 6. O-O Nf6 7. Nc3 d6 8. f4 Be7 9. Be3 Nbd7 10. Qf3 b5 11. a3 Bb7 12. Rae1 h6 13. Bf2 g5 14. f5 Ne5 15. Qe2 Bc8 16. fxe6 fxe6 17. Kh1 Bd7 18. Bg3 h5 19. Bxe5 dxe5 20. Nb3 h4 21. h3 Nh5 22. Kh2 Ng3 23. Qe3 Nxf1+ 24. Rxf1 g4 25. hxg4 Bc6 26. Nc5 Bxc5 27. Qxc5 O-O-O 28. a4 Bb7 29. Qa7 Qb8 30. Qe3 b4 31. Rf7 Qd6 32. Qa7 Rd7 33. Rxd7 Qxd7 34. Qc5+ Qc7 35. Qxb4 Qf7 36. Qd6 Qf4+ 37. Kg1 Qe3+ 38. Kf1 h3 39. Qxe6+ 1-0


[Site "https://www.chess.com"]

[Event "Titled Tuesday Blitz November 29 Late 2022"]
[White "Toniutti, Ezio"]
[Black "Seletsky, Grigory"]
[WhiteFideId "113034"]
[BlackFideId "14112191"]
[WhiteElo "2215"]
[BlackElo "2492"]
[Result "0-1"]
[Round "08"]
[TimeControl "180+1"]
[Date "2022.11.30"]
[WhiteClock "0:02:01"]
[BlackClock "0:01:54"]

1. d4 d6 2. c4 e5 3. Nc3 Nc6 4. Nf3 Nf6 5. d5 Nb8 6. e4 Nbd7 7. Be2 Nc5 8. Qc2 a5 9. O-O Be7 10. Be3 Nfd7 11. b3 O-O 12. Nd2 Bg5 13. Nd1 Bxe3 14. Nxe3 g6 15. a3 f5 16. exf5 gxf5 17. Nxf5 Qg5 18. Ng3 Nf6 19. Nf3 Qg7 20. b4 Na6 21. Rab1 Kh8 22. Nh4 Qg5 23. Nhf5 e4 24. Qc1 Qg6 25. Qh6 Bxf5 26. Nxf5 Qxf5 27. bxa5 Nc5 28. f3 exf3 29. Rxf3 Qg6 30. Qh4 Qxb1+ 0-1


[Site "https://www.chess.com"]

[Event "Titled Tuesday Blitz November 29 Late 2022"]
[White "Tristan, Leonardo"]
[Black "Banzea, Alexandru-Bogdan"]
[WhiteFideId "113816"]
[BlackFideId "1232622"]
[WhiteElo "2461"]
[BlackElo "2294"]
[Result "1-0"]
[Round "08"]
[TimeControl "180+1"]
[Date "2022.11.30"]
[WhiteClock "0:00:03"]
[BlackClock "0:00:01"]

1. d4 d5 2. Nf3 Nf6 3. Bf4 e6 4. e3 Bd6 5. Nbd2 c5 6. dxc5 Bxc5 7. Bd3 O-O 8. O-O Nc6 9. c4 a6 10. Rc1 Qe7 11. Bg5 Rd8 12. Qe2 Ba7 13. e4 h6 14. Bh4 dxc4 15. Nxc4 e5 16. Ne3 Be6 17. Bc4 g5 18. Nxg5 hxg5 19. Bxg5 Nd4 20. Qd1 Kg7 21. f4 Nc2 22. Qxc2 Bxe3+ 23. Kh1 Bxf4 24. Rxf4 exf4 25. e5 Qc5 26. Bxf6+ Kh6 27. b3 Rd4 28. Qe2 Bxc4 29. Qe1 f3 30. Rxc4 Rxc4 31. bxc4 Qd4 32. gxf3 Rg8 33. c5 Rg6 34. Qc1+ Kh7 35. Qe1 Qd5 36. Qf1 1-0


[Site "https://www.chess.com"]

[Event "Titled Tuesday Blitz November 29 Late 2022"]
[White "Vargas, Mauricio"]
[Black "Savic, Miroslav"]
[WhiteFideId "4404572"]
[BlackFideId "14508494"]
[WhiteElo "2025"]
[BlackElo "2209"]
[Result "0-1"]
[Round "08"]
[TimeControl "180+1"]
[Date "2022.11.30"]
[WhiteClock "0:00:02"]
[BlackClock "0:00:49"]

1. e4 c5 2. Nf3 d6 3. c3 Nf6 4. Be2 g6 5. O-O Bg7 6. e5 dxe5 7. Nxe5 Nbd7 8. Nxf7 Kxf7 9. Bc4+ e6 10. Re1 Nb6 11. Bb3 c4 12. Bc2 Rf8 13. d4 cxd3 14. Bxd3 Kg8 15. Qe2 Nbd5 16. Bc4 a6 17. Bg5 b5 18. Bb3 h6 19. Bh4 g5 20. Bg3 Nf4 21. Bxf4 gxf4 22. Bxe6+ Kh8 23. Nd2 Re8 24. Rad1 Rxe6 25. Nf3 Qxd1 26. Qxd1 Rxe1+ 27. Nxe1 Bg4 28. Qd6 Re8 29. Nf3 a5 30. h3 Bf5 31. Ne5 Ne4 32. Nf7+ Kh7 33. Qxf4 Bg6 0-1


[Site "https://www.chess.com"]

[Event "Titled Tuesday Blitz November 29 Late 2022"]
[White "Vargas Pereda, Jesus Manue"]
[Black "Tarnowska, Aleksandra"]
[WhiteFideId "5115710"]
[BlackFideId "1180967"]
[WhiteElo "1950"]
[BlackElo "1776"]
[Result "0-1"]
[Round "08"]
[TimeControl "180+1"]
[Date "2022.11.30"]
[WhiteClock "0:00:06"]
[BlackClock "0:00:10"]

1. Nf3 d5 2. d4 Nf6 3. g3 c6 4. Bg2 Bf5 5. c4 e6 6. O-O Be7 7. Nbd2 O-O 8. Nh4 Bg6 9. Nxg6 hxg6 10. e4 dxe4 11. Nxe4 Nxe4 12. Bxe4 Nd7 13. b3 Nf6 14. Bg2 Qb6 15. Bb2 Rfd8 16. Qc2 Qa5 17. a3 Qh5 18. Rad1 Nh7 19. Rfe1 Bf6 20. Qe2 Ng5 21. h4 Qxe2 22. Rxe2 Nh7 23. Red2 Nf8 24. Kf1 g5 25. hxg5 Bxg5 26. f4 Bf6 27. Kf2 Ng6 28. Ke3 Ne7 29. g4 Rd7 30. Be4 Ng6 31. Kf3 Nh4+ 32. Kg3 Ng6 33. g5 Bd8 34. Bxg6 fxg6 35. Re1 Kf7 36. Rde2 Re7 37. Kf3 Bc7 38. Kg4 Rd8 39. a4 Bb6 40. c5 Ba5 41. Rd1 Bb4 42. Rd3 Red7 43. Rde3 Re8 44. Re5 Rd5 45. Rxd5 cxd5 46. Re5 Rh8 47. Kg3 Rh1 48. Re3 Rb1 49. Re2 Be1+ 50. Kf3 Bb4 51. Ke3 Rh1 52. Kd3 Rh3+ 53. Kc2 Rf3 54. Bc1 Bc3 55. Rh2 Bxd4 56. b4 Rc3+ 57. Kb2 Rh3+ 58. Kc2 Rxh2+ 59. Bd2 Be3 60. Kd3 Bxd2 61. Kd4 Bxf4 62. b5 Rd2+ 63. Kc3 Rd1 64. Kb4 Bxg5 65. c6 bxc6 66. bxc6 Rc1 67. Kb5 Bd2 68. a5 Bxa5 69. Kxa5 d4 70. Ka6 d3 71. Kb7 d2 72. c7 Rxc7+ 73. Kxc7 d1=Q 0-1


[Site "https://www.chess.com"]

[Event "Titled Tuesday Blitz November 29 Late 2022"]
[White "Vasques, Antonio Pedro Freixial"]
[Black "Pinheiro, Iung Alicio de O."]
[WhiteFideId "1908332"]
[BlackFideId "2104350"]
[WhiteElo "2243"]
[BlackElo "2283"]
[Result "1-0"]
[Round "08"]
[TimeControl "180+1"]
[Date "2022.11.30"]
[WhiteClock "0:00:23"]
[BlackClock "0:00:10"]

1. e4 c5 2. Nc3 Nc6 3. Bb5 Nd4 4. Nf3 a6 5. Bd3 e6 6. O-O b5 7. Nxd4 cxd4 8. Ne2 Bc5 9. c3 dxc3 10. bxc3 Ne7 11. Bc2 d6 12. d4 Bb6 13. Ng3 h5 14. Nxh5 Ng6 15. Qg4 Kf8 16. e5 dxe5 17. Bxg6 fxg6 18. Qxg6 Ra7 19. Ba3+ Kg8 20. dxe5 Rf7 21. Nf6+ Rxf6 22. exf6 Qxf6 23. Qxf6 gxf6 24. Rad1 Bc7 25. Bd6 Ba5 26. Be7 Bc7 27. h3 Kf7 28. Bd6 Ba5 29. Bb4 Bc7 30. Rfe1 e5 31. Rd3 Bf5 32. Rf3 Kg6 33. Be7 Re8 34. Bxf6 e4 35. Bd4 Rc8 36. Rfe3 Bf4 37. R3e2 Bd6 38. Ra1 Ba3 39. g4 Be6 40. Rxe4 Bd5 41. Re5 Bf3 42. Rf5 Be4 43. Rf6+ Kg5 44. Rxa6 Bb2 45. Re1 Bd3 46. Bf6+ Kf4 47. Be5+ Kg5 48. Bg3 Bxc3 49. f4# 1-0


[Site "https://www.chess.com"]

[Event "Titled Tuesday Blitz November 29 Late 2022"]
[White "Weisz, Bryan"]
[Black "Haszon, David"]
[WhiteFideId "30934133"]
[BlackFideId "733610"]
[WhiteElo "2304"]
[BlackElo "2211"]
[Result "0-1"]
[Round "08"]
[TimeControl "180+1"]
[Date "2022.11.30"]
[WhiteClock "0:00:29"]
[BlackClock "0:00:32"]

1. Nc3 Nf6 2. e4 e5 3. Nf3 Nc6 4. d4 exd4 5. Nd5 Be7 6. Nxd4 Nxd4 7. Qxd4 Nxd5 8. exd5 Bf6 9. Qe4+ Qe7 10. Qxe7+ Kxe7 11. Bd3 Re8 12. O-O h6 13. Bf4 d6 14. Rfe1+ Kf8 15. Rxe8+ Kxe8 16. Re1+ Kf8 17. b3 Bd7 18. c4 a5 19. c5 Be7 20. cxd6 Bxd6 21. Bxd6+ cxd6 22. Rc1 Rc8 23. Rxc8+ Bxc8 24. Kf1 Ke7 25. Ke2 Kf6 26. a4 b6 27. f4 Bg4+ 28. Ke3 Bd1 29. Bc4 g5 30. fxg5+ hxg5 31. g3 Ke5 32. h4 gxh4 33. gxh4 f5 34. Kd2 Bh5 35. Ke3 f4+ 36. Kf2 Bf7 37. Kf3 Bg6 38. Be2 Bc2 39. h5 Kf5 40. h6 Be4+ 41. Kf2 Kg6 42. Bf3 Bc2 43. Be2 Kxh6 44. Kf3 Kg5 45. Bc4 Kf5 46. Kf2 Ke5 47. Kf3 Be4+ 48. Kf2 Bxd5 0-1


[Site "https://www.chess.com"]

[Event "Titled Tuesday Blitz November 29 Late 2022"]
[White "Yoo, Christopher Woojin"]
[Black "Al-Tarboush, Ward"]
[WhiteFideId "30909694"]
[BlackFideId "7601450"]
[WhiteElo "2463"]
[BlackElo "2273"]
[Result "1-0"]
[Round "08"]
[TimeControl "180+1"]
[Date "2022.11.30"]
[WhiteClock "0:01:18"]
[BlackClock "0:00:05"]

1. c4 c5 2. b3 Nc6 3. Bb2 e5 4. e3 Nf6 5. Nf3 d6 6. Nc3 Bg4 7. Be2 Be7 8. O-O O-O 9. d4 exd4 10. exd4 Bxf3 11. Bxf3 Nxd4 12. Bxb7 Rb8 13. Bf3 Qd7 14. Re1 Rfe8 15. Qd3 h6 16. Rad1 a5 17. Na4 Nxf3+ 18. Qxf3 Qg4 19. Qxg4 Nxg4 20. Nc3 Bf6 21. Rxe8+ Rxe8 22. h3 Ne5 23. Ne4 Nf3+ 24. gxf3 Bxb2 25. Rxd6 Bd4 26. Rd5 Rc8 27. f4 g6 28. f5 Kg7 29. f6+ Kf8 30. a3 Re8 31. Nxc5 Bxf6 32. Nd7+ Kg7 33. Nxf6 Kxf6 34. Rxa5 Re1+ 35. Kg2 1-0


[Site "https://www.chess.com"]

[Event "Titled Tuesday Blitz November 29 Late 2022"]
[White "Young, Ryan"]
[Black "Winkels, Marcel"]
[WhiteFideId "2049945"]
[BlackFideId "1003887"]
[WhiteElo "2280"]
[BlackElo "1900"]
[Result "1-0"]
[Round "08"]
[TimeControl "180+1"]
[Date "2022.11.30"]
[WhiteClock "0:00:05"]
[BlackClock "0:00:04"]

1. e4 c5 2. c3 Nf6 3. e5 Nd5 4. Nf3 e6 5. Be2 b6 6. d4 cxd4 7. cxd4 Bb7 8. Nc3 Nxc3 9. bxc3 Qc7 10. Bd2 d6 11. exd6 Bxd6 12. h3 Nd7 13. O-O O-O 14. Bd3 Nf6 15. Rc1 Bf4 16. Bxf4 Qxf4 17. Ne5 Qg5 18. Nf3 Qf4 19. Ne5 Rfd8 20. Qe2 Rac8 21. Rfe1 Nd5 22. Be4 Rxc3 23. Bxd5 Rxc1 24. Bxb7 Rxe1+ 25. Qxe1 Qxd4 26. Bf3 Qd6 27. Qe4 Qd2 28. a4 Qd6 29. g3 g6 30. Kg2 h5 31. Qf4 Qe7 32. Be4 Rd1 33. h4 Kg7 34. Nf3 Qf6 35. Qc7 Ra1 36. Ng5 Rxa4 37. Bc6 Rc4 38. Qd7 e5 39. Bd5 Rd4 40. Ne6+ Qxe6 41. Bxe6 Rxd7 42. Bxd7 f5 43. Bb5 Kf6 44. Kf3 Ke6 45. Ke3 Kd5 46. Kd3 Kc5 47. Bd7 b5 48. Be8 b4 49. Bxg6 e4+ 50. Kc2 Kd4 51. Bxf5 a5 52. g4 Ke5 53. Bc8 a4 54. Kb2 hxg4 55. Bxg4 Kf4 56. Be2 1-0


[Site "https://www.chess.com"]

[Event "Titled Tuesday Blitz November 29 Late 2022"]
[White "Yuan, Qingyu"]
[Black "Nugumanov, Bakhtiyar"]
[WhiteFideId "8609772"]
[BlackFideId "13701797"]
[WhiteElo "2359"]
[BlackElo "2287"]
[Result "0-1"]
[Round "08"]
[TimeControl "180+1"]
[Date "2022.11.30"]
[WhiteClock "0:00:06"]
[BlackClock "0:00:03"]

1. e4 c5 2. Nf3 e6 3. d4 cxd4 4. Nxd4 Nf6 5. Nc3 d6 6. g4 e5 7. Nf5 Nc6 8. Bg5 Be6 9. Qd2 g6 10. Bb5 gxf5 11. gxf5 Bd7 12. Nd5 Bg7 13. Rg1 Nd4 14. Be2 Nxe2 15. Qxe2 Bxf5 16. Bxf6 Bxf6 17. exf5 Qa5+ 18. Qd2 Qxd2+ 19. Kxd2 Bd8 20. Rg7 Kf8 21. Rag1 Rc8 22. Kd3 b5 23. b4 Rc4 24. R7g4 Rxg4 25. Rxg4 h5 26. Rg3 Rg8 27. Ke4 Rxg3 28. fxg3 Ke8 29. Nc3 a6 30. Kd5 Kd7 31. Ne4 Be7 32. f6 Bf8 33. Ng5 Ke8 34. Ne4 Kd7 35. Ng5 Ke8 36. h3 Bh6 37. Ne4 Bf8 38. Nxd6+ Bxd6 39. Ke4 Bxb4 40. Kxe5 Kd7 41. Kf5 Bd2 42. g4 hxg4 43. hxg4 Bc3 44. g5 Ke8 45. Ke4 Kd7 46. Kf5 Ke8 47. Ke4 Kf8 48. Kf5 b4 49. g6 fxg6+ 50. Kxg6 a5 51. Kf5 Kf7 52. Ke4 Kxf6 53. Kd5 a4 54. Kc4 a3 55. Kd3 Ke5 56. Ke2 Kf4 57. Kd1 Kf3 58. Kc1 Ke2 59. Kb1 Bb2 60. c4 bxc3 61. Kc2 Ke3 62. Kb1 Ba1 63. Kxa1 Kd2 64. Kb1 c2+ 65. Ka1 c1=Q# 0-1


[Site "https://www.chess.com"]

[Event "Titled Tuesday Blitz November 29 Late 2022"]
[White "Yurovskykh, Oleksandr"]
[Black "Nepo"]
[WhiteFideId "14134020"]
[WhiteElo "2265"]
[BlackElo "2220"]
[Result "1-0"]
[Round "08"]
[TimeControl "180+1"]
[Date "2022.11.30"]
[WhiteClock "0:01:09"]
[BlackClock "0:00:18"]

1. d4 Nf6 2. Nf3 d5 3. Bf4 e6 4. e3 Bd6 5. Bg3 c6 6. c4 Bxg3 7. hxg3 h6 8. Nc3 Nbd7 9. Bd3 Nb6 10. b3 Nbd7 11. e4 dxe4 12. Nxe4 Nxe4 13. Bxe4 Nf6 14. Bc2 Qa5+ 15. Ke2 b5 16. Qd3 Ba6 17. Rhb1 Nd5 18. Kf1 Nb4 19. Qc3 Qa3 20. Qb2 Nxc2 21. Qxc2 bxc4 22. bxc4 O-O 23. Ne5 Rab8 24. Kg1 1-0


[Site "https://www.chess.com"]

[Event "Titled Tuesday Blitz November 29 Late 2022"]
[White "Zajic, Milan"]
[Black "Indjic, Aleksandar"]
[WhiteFideId "912336"]
[BlackFideId "911925"]
[WhiteElo "2445"]
[BlackElo "2592"]
[Result "0-1"]
[Round "08"]
[TimeControl "180+1"]
[Date "2022.11.30"]
[WhiteClock "0:00:02"]
[BlackClock "0:00:09"]

1. e4 c5 2. Nf3 e6 3. d4 cxd4 4. Nxd4 a6 5. c4 Nf6 6. Nc3 Qc7 7. a3 d6 8. Be3 Nbd7 9. Be2 h5 10. Rc1 b6 11. f3 Bb7 12. O-O Be7 13. b4 h4 14. Qd2 Rc8 15. Rfd1 Qb8 16. Bf2 h3 17. g3 O-O 18. Nb3 Ne5 19. Na4 b5 20. cxb5 axb5 21. Nc3 d5 22. f4 Nc4 23. Bxc4 bxc4 24. Nc5 dxe4 25. Qe2 Bd5 26. N3xe4 Nxe4 27. Nxe4 Qa8 28. Re1 Qxa3 29. b5 Qa8 30. b6 Bb4 31. Nc3 Bf3 32. Qf1 Bg2 33. Qe2 Qc6 34. Qg4 Rcd8 35. f5 exf5 36. Qxf5 Rd3 37. Re3 Bxc3 38. Rxc3 Bf1 39. Qf3 Qxf3 40. Rxf3 Rd1 41. Bc5 Be2+ 42. Kf2 Bxf3 43. Bxf8 Bd5 44. Bc5 Rd2+ 45. Ke3 Rxh2 46. Ra3 Rb2 47. Ra8+ Kh7 48. b7 h2 49. b8=Q Rxb8 50. Rxb8 h1=Q 0-1


[Site "https://www.chess.com"]

[Event "Titled Tuesday Blitz November 29 Late 2022"]
[White "thornleaf"]
[Black "Prohorov, Olexandr"]
[BlackFideId "14105578"]
[WhiteElo "2215"]
[BlackElo "1993"]
[Result "1/2-1/2"]
[Round "08"]
[TimeControl "180+1"]
[Date "2022.11.30"]
[WhiteClock "0:00:29"]
[BlackClock "0:00:27"]

1. d4 Nf6 2. Nf3 e6 3. Bf4 c5 4. e3 b6 5. Bd3 Ba6 6. Bxa6 Nxa6 7. c3 d6 8. O-O Be7 9. Nbd2 O-O 10. h3 Qd7 11. Qe2 Qb7 12. e4 cxd4 13. cxd4 Rac8 14. Rac1 d5 15. e5 Ne4 16. Nxe4 dxe4 17. Nd2 Rfd8 18. Rxc8 Qxc8 19. Qxe4 Nb4 20. a3 Nd5 21. Nf3 Qc4 22. Be3 Qb3 23. Rb1 b5 24. Ne1 b4 25. Qc2 Qxc2 26. Nxc2 a5 27. axb4 axb4 28. Ne1 Rc8 29. Kf1 b3 30. Ke2 f6 31. exf6 gxf6 32. Rc1 Ra8 33. Nd3 Ra2 34. Rc8+ Kf7 35. Bc1 Bd6 36. Rd8 Be7 37. Rb8 Ra1 38. Rxb3 Bd6 39. g3 Kg6 40. h4 h5 41. Rb7 Kf5 42. Rh7 Kg6 43. Rb7 Kf5 44. Rh7 Kg6 45. Rb7 1/2-1/2


[Site "https://www.chess.com"]

[Event "Titled Tuesday Blitz November 29 Late 2022"]
[White "Adla, Diego"]
[Black "Naroditsky, Daniel"]
[WhiteFideId "100072"]
[BlackFideId "2026961"]
[WhiteElo "2377"]
[BlackElo "2628"]
[Result "0-1"]
[Round "09"]
[TimeControl "180+1"]
[Date "2022.11.30"]
[WhiteClock "0:01:03"]
[BlackClock "0:00:22"]

1. Nf3 Nf6 2. g3 g6 3. b3 Bg7 4. Bb2 O-O 5. Bg2 d6 6. d4 c5 7. dxc5 Qa5+ 8. Nbd2 dxc5 9. O-O Rd8 10. Nc4 Qc7 11. Be5 Rxd1 12. Raxd1 Qc6 13. Rd8+ Qe8 14. Rfd1 Nc6 15. Rxe8+ Nxe8 16. Bxg7 Kxg7 17. Nfe5 Nxe5 18. Nxe5 Nd6 19. c4 Rb8 20. f4 Bf5 21. Kf2 Rc8 22. h3 f6 23. Nd3 b6 24. g4 Be4 25. Bxe4 Nxe4+ 26. Ke3 Nd6 27. Nf2 Rd8 28. Rd3 f5 29. Rd5 e6 30. Rd1 Kf6 31. g5+ Ke7 32. Kf3 e5 33. fxe5 Nf7 34. h4 Nxe5+ 35. Kf4 Rxd1 36. Nxd1 Nc6 37. e4 fxe4 38. Kxe4 Nd4 39. Ne3 Ke6 40. Nd5 Nf5 41. Nf4+ Kd6 42. h5 Ng3+ 43. Kf3 Nxh5 44. Nxh5 gxh5 45. Kg3 Ke5 46. Kh4 a6 47. Kxh5 b5 48. a4 bxc4 49. bxc4 a5 50. Kg4 Ke4 51. Kg3 Kf5 52. Kh4 Kf4 53. Kh5 Kg3 0-1


[Site "https://www.chess.com"]

[Event "Titled Tuesday Blitz November 29 Late 2022"]
[White "Al-Tarboush, Ward"]
[Black "Pruess, David"]
[WhiteFideId "7601450"]
[BlackFideId "2014254"]
[WhiteElo "2273"]
[BlackElo "2436"]
[Result "1-0"]
[Round "09"]
[TimeControl "180+1"]
[Date "2022.11.30"]
[WhiteClock "0:00:59"]
[BlackClock "0:00:01"]

1. e4 e5 2. Nf3 Nc6 3. Bb5 a6 4. Ba4 Nf6 5. O-O Be7 6. Re1 b5 7. Bb3 O-O 8. h3 Bb7 9. d3 Re8 10. Ng5 Rf8 11. Nc3 Nd4 12. Ne2 Nxb3 13. axb3 d5 14. Ng3 Nxe4 15. Nxh7 Nxg3 16. Nxf8 Nf5 17. Qh5 Nh6 18. Bxh6 gxh6 19. Ng6 fxg6 20. Qxg6+ Kf8 21. Rxe5 Bc8 22. Rae1 Rb8 23. Qxh6+ Ke8 24. Qg6+ Kd7 25. Qe6+ 1-0


[Site "https://www.chess.com"]

[Event "Titled Tuesday Blitz November 29 Late 2022"]
[White "Andreassen, Lars"]
[Black "Vargas Pereda, Jesus Manue"]
[WhiteFideId "1504878"]
[BlackFideId "5115710"]
[WhiteElo "2119"]
[BlackElo "1950"]
[Result "1-0"]
[Round "09"]
[TimeControl "180+1"]
[Date "2022.11.30"]
[WhiteClock "0:00:18"]
[BlackClock "0:00:20"]

1. d4 d5 2. Nf3 Nf6 3. Bg5 c5 4. e3 Nc6 5. c3 Qb6 6. Qb3 c4 7. Qxb6 axb6 8. Nbd2 b5 9. Be2 e6 10. O-O b4 11. Ne5 Be7 12. Bxf6 gxf6 13. Nxc6 bxc6 14. Rfc1 e5 15. Nf3 bxc3 16. Rxc3 Bb4 17. Rcc1 Bg4 18. h3 Bxf3 19. Bxf3 Kd7 20. Bg4+ Kd6 21. Rc2 Rhb8 22. Bf5 h6 23. g4 Ra7 24. Kg2 Rab7 25. Rb1 Ba3 26. b3 cxb3 27. axb3 Rxb3 28. Ra1 c5 29. dxc5+ Bxc5 30. Ra6+ R8b6 31. Ra5 R3b5 32. Ra8 d4 33. Rd8+ Ke7 34. Rd7+ Kf8 35. Rc7 Bd6 36. Rc8+ Kg7 37. exd4 exd4 38. Rd8 Be7 39. Rd7 Rb7 40. Rcc7 Rxc7 41. Rxc7 Bd6 42. Rd7 Be5 43. Be6 Rb1 44. Rxf7+ Kg6 45. Rd7 h5 46. Bf5+ Kg5 47. Rg7+ Kf4 48. Rd7 Rb2 49. Be6 hxg4 50. hxg4 Rd2 51. Bf5 Bb8 52. Rd8 Bc7 53. Rd7 Bb6 54. Rd6 Bc5 55. Rxf6 Kg5 56. Rg6+ Kh4 57. Rh6+ Kg5 58. Rh5+ Kf6 59. Rh6+ Kg5 60. Rg6+ Kh4 61. Rc6 Ba7 62. Rc7 Bb6 63. Rh7+ Kg5 64. Rh5+ Kf6 65. Rh6+ Kg5 66. Rxb6 d3 67. Kg3 Rd1 68. f4# 1-0


[Site "https://www.chess.com"]

[Event "Titled Tuesday Blitz November 29 Late 2022"]
[White "Ankerst, Mihael"]
[Black "Graif, William"]
[WhiteFideId "14602369"]
[BlackFideId "2609835"]
[WhiteElo "2323"]
[BlackElo "2205"]
[Result "0-1"]
[Round "09"]
[TimeControl "180+1"]
[Date "2022.11.30"]
[WhiteClock "0:00:02"]
[BlackClock "0:00:08"]

1. e4 e5 2. Nf3 Bc5 3. Nc3 Nf6 4. Nxe5 Nc6 5. Nxc6 dxc6 6. Be2 h5 7. h3 Qd4 8. Rf1 Nxe4 9. Nxe4 Qxe4 10. Rg1 Qg6 11. d4 Bd6 12. Bd3 Bf5 13. Qe2+ Kd7 14. Bxf5+ Qxf5 15. Be3 Rae8 16. O-O-O Re6 17. Kb1 Rhe8 18. Qd3 Qxd3 19. Rxd3 Rg6 20. g3 f5 21. Bd2 Re2 22. Be1 Rge6 23. Rd1 g5 24. Kc1 g4 25. hxg4 hxg4 26. Rf1 f4 27. gxf4 Bxf4+ 28. Kb1 Kd6 29. Bb4+ Kd5 30. b3 Ke4 31. Rfe1 Kf3 32. Rxe2 Rxe2 33. Be1 Bh2 34. Kc1 Rxe1 35. Rxe1 Kxf2 36. Re7 Bf4+ 37. Kd1 g3 38. Rf7 Kf3 0-1


[Site "https://www.chess.com"]

[Event "Titled Tuesday Blitz November 29 Late 2022"]
[White "Arbunic Castro, Giovanna"]
[Black "Fareh, Youness"]
[WhiteFideId "3400549"]
[BlackFideId "9000526"]
[WhiteElo "1934"]
[BlackElo "1836"]
[Result "0-1"]
[Round "09"]
[TimeControl "180+1"]
[Date "2022.11.30"]
[WhiteClock "0:00:01"]
[BlackClock "0:00:34"]

1. e4 c5 2. g3 g6 3. Bg2 Bg7 4. Ne2 d6 5. c3 e6 6. O-O Ne7 7. d4 cxd4 8. cxd4 O-O 9. Nbc3 Nbc6 10. Be3 a6 11. Qd2 Bd7 12. f4 Rc8 13. g4 f5 14. gxf5 exf5 15. e5 dxe5 16. fxe5 Kh8 17. Rad1 Be6 18. Na4 Nd5 19. Nc5 Qe7 20. Nf4 Nxf4 21. Bxf4 Rfd8 22. Nxe6 Qxe6 23. d5 Qe8 24. e6 Nd4 25. Rfe1 Rc2 26. Qxc2 Nxc2 27. d6 Nd4 28. d7 Qe7 29. Bc7 Rxd7 30. exd7 Qxd7 31. Be5 Bxe5 32. Rxe5 Nf3+ 33. Bxf3 Qc7 34. Red5 Qb6+ 35. Kg2 Kg7 36. Rd7+ Kh6 37. b3 Qe3 38. Rxb7 g5 39. Rdd7 g4 40. Rxh7+ Kg5 41. Rbg7+ Kf4 42. Bb7 Qe2+ 43. Kg1 Qe3+ 0-1


[Site "https://www.chess.com"]

[Event "Titled Tuesday Blitz November 29 Late 2022"]
[White "Barbot, Pierre"]
[Black "Freile Martin, Javier"]
[WhiteFideId "663727"]
[BlackFideId "3600165"]
[WhiteElo "2439"]
[BlackElo "2329"]
[Result "1-0"]
[Round "09"]
[TimeControl "180+1"]
[Date "2022.11.30"]
[WhiteClock "0:00:06"]
[BlackClock "0:00:21"]

1. d4 Nf6 2. Nf3 e6 3. Bf4 b6 4. e3 Bb7 5. Be2 Nh5 6. Bg3 Nxg3 7. hxg3 g6 8. Nbd2 Bg7 9. c3 d6 10. e4 Nd7 11. Qc2 Qe7 12. O-O-O O-O 13. g4 Rfc8 14. Kb1 c5 15. dxc5 Rxc5 16. Nf1 Rac8 17. Ng3 b5 18. Qd2 d5 19. e5 Nxe5 20. Nxe5 Bxe5 21. Qh6 f6 22. f4 Bd6 23. Bd3 Qg7 24. Qh3 Bxf4 25. Rdf1 Bxg3 26. Qxg3 e5 27. Rh3 e4 28. Bc2 b4 29. Rfh1 R8c7 30. g5 bxc3 31. Rxh7 Qxh7 32. Rxh7 Rxh7 33. bxc3 f5 34. Qe5 Rhc7 35. Bb3 Bc8 36. Bxd5+ Kf8 37. Qh8+ Ke7 38. c4 Rxd5 39. cxd5 Kd6 40. Qf6+ Kc5 41. Qxg6 Kxd5 42. Qf6 Be6 43. g6 e3 44. Qd8+ Rd7 45. Qa5+ Ke4 46. Qe1 f4 47. Kb2 Rg7 48. Qc3 Rxg6 49. Qc2+ Kd4 50. Qxg6 e2 51. Qxe6 1-0


[Site "https://www.chess.com"]